 BcadrenCrawl: Boulder Brew version 0.06-240-gf756cca71e (webtiles) character file.

Game seed: 14005230809937241430, levelgen mode: deterministic

15159 gruber the Lasher (level 12, -5/115 HPs) Gargoyle Berserker. Began on Aug 14, 2022. Was the Champion of Trog. Killed by a guardian mummy's death curse (16 damage) ... on level 1 of the Lair of Beasts. The game lasted 00:24:44 (8867 turns).

gruber the Lasher (Gargoyle Berserker)              Turns: 8867, Time: 00:24:44

Health: -5/115     AC: 16    Str: 44    XL:     12 ^: 10326
Magic:  12/12      EV: 25    Int: 10    God:    Trog [6* [168]]
Gold:   565        SH:  3    Dex: 10    Spells: 11/11 levels left

rFire    + . .     Slash    +   D - +4 demon whip (slash)
rCold    + . .     Pierce   .   A - +0 buckler {rC+ rF+}
rNeg     + . .     Bludgeon +   u - +3 troll leather {Snorg}
rCorr    . . .     Vision   .   (no helmet)
rPois    ∞         Gourm    .   t - +0 cloak
rElec    +         Faith    .   i - +0 pair of gloves
MR       .....     Spirit   .   (no boots)
HPRegen  1.28/turn Reflect  .   x - amulet of regeneration (curse) {(Curse: Dex-2)}
MPRegen  0.22/turn Harm     .   e - ring of evasion Stlth ..........Rnd*Rage +
                                a - ring of evasion

@: berserking, very quick
A: negative energy resistance 1, electricity resistance, STR +16, unbreathing,
petrification resistance, rot immunity, artificial flesh, AC +5
a: Berserk, Trog's Hand, Brothers in Arms, Renounce Religion


You were on level 1 of the Lair of Beasts.
You worshipped Trog.
Trog was exalted by your worship.
You were hungry.

You visited 2 branches of the dungeon, and saw 7 of its levels.

You collected 565 gold pieces.

Inventory:

Weapons
 v - a +3 flail of molten steel
 D - a +4 demon whip of slashing (weapon) Shields
 A - a +0 buckler of resistance (shield)
Armour
 i - a +0 pair of gloves (worn)
 t - a +0 cloak (worn)
 u - a +3 troll leather (worn) {Snorg}
Jewellery
 a - a ring of evasion (right hand)
 e - a ring of evasion (left hand)
 f - an uncursed ring of fire
 w - an uncursed ring of positive energy
 x - a cursed amulet of regeneration (around neck) {(Curse: Dex-2)}
Wands
 b - a wand of flame (1)
 n - a wand of random effects (1)
 y - a wand of clouds (1)
 z - a wand of polymorph (8)
 C - a wand of disintegration (9)
 E - a wand of hasting (6)
Scrolls
 h - 2 scrolls of bless item
 m - a scroll of blinking
 o - 3 scrolls of teleportation
 p - a scroll of magic mapping
 q - a scroll of holy word
 s - 4 scrolls of fog
 B - a scroll of fear
 F - a scroll of summoning
Potions
 d - 2 potions of curing
 g - a potion of cancellation
 j - 3 potions of might
 k - a potion of haste
 l - a potion of brilliance
 r - 4 potions of heal wounds
 G - a potion of resistance
Comestibles
 c - 17 rations
 H - 3 chunks of flesh


   Skills:
 * Level 10.1 Fighting
 - Level 12.1 Whips & Flails
 - Level 8.3 Armour
 - Level 7.1 Dodging
 - Level 7.5 Shields


You had 11 spell levels left.
You didn't know any spells.
Your spell library was empty.

Dungeon Overview and Level Annotations

Branches:
Dungeon (6/8)              Temple (0/1) D:4            Lair (1/6) D:5
    Orc (0/2) D:6

Altars:
Elyvilon
Gozag Ym Sagoz
Hepliaklqana
Kikubaaqudgha
Nemelex Xobeh
Okawaru
Vehumet
Xom
Yredelemnul

Shops:
D:3 *   D:4 }   D:5 (**}!


Innate Abilities, Weirdness & Mutations

You are resistant to torment.
Your stone body is resilient. (AC +5)
You are immune to poison.
You resist negative energy. (rN+)
You are resistant to electric shocks. (rElec)
You can survive without breathing.
You are immune to petrification.
You are immune to rotting.
Your artificial form resists hard blunt hits and is difficult to cut into. (rBludgeoning+ , rSlashing+)
You frequently lose your temper in combat.
This godly rage surpasses even clarity. (*Rage)
You are extremely strong. (STR +16)


Message History

You hit the guardian mummy (5).
The guardian mummy is heavily damaged. (19/40) HP You whack the guardian mummy (8)!
The guardian mummy is severely damaged. (9/40) HP The guardian mummy blocks your attack.
The guardian mummy is severely damaged. (9/40) HP You hit the guardian mummy (5).
The guardian mummy is almost destroyed. (3/40) HP The guardian mummy hits you with a +0 flail (16)!
You resist.
* * * LOW HITPOINT WARNING * * *
The guardian mummy hits you with a +0 nunchaku (11)!
You resist.
* * * LOW HITPOINT WARNING * * *
The guardian mummy blocks your attack.
The guardian mummy is almost destroyed. (3/40) HP You whack the guardian mummy (9)!
You destroy the guardian mummy!
Trog accepts your kill.
You feel extremely nervous for a moment...
Pain shoots through your body!
You die...

..........#####........b....#...#
...............#.##Z#..#....#...#
......?................#..††....#
....................#..#.††.#...#
.......................#........#
...........#.........b.#..†.#†..#
...........#...........####.††..#
...#.......#....)...............#
...#.......#....@...#...........#
...+................#...........#
....#....###.#...........#
.....................###.#
....................#.<#.#
#......................#.#
P.......####.#.#.#.......#
#.......#.........#†+....#
#.................+.#..#.#


You could see a spiny frog skeleton.

Vanquished Creatures
  2 unseen horrors
  A two-headed ogre (D:6)
  3 hydras
  Maurice (D:6)
  2 black mambas (Lair:1)
  2 trolls
  A queen bee (D:4)
  A giraffe zombie (Lair:1)
  2 spiny frogs (Lair:1)
  A hippogriff (D:6)
  A wyvern (Lair:1)
  A slime creature (D:2)
  2 yaks (D:6)
  2 hungry ghosts (D:6)
  3 bone scorpions
  2 guardian mummies (Lair:1)
  A soldier ant (D:6)
  A phantom (D:3)
  Duvessa (D:3)
  5 scorpions
  A water moccasin (Lair:1)
  2 orc warriors (D:5)
  An ice beast (D:5)
  4 porcupines
  A sky beast (D:4)
  A black bear (D:6)
  A dream sheep skeleton (Lair:1)
  3 ogres (D:5)
  5 crocodiles
  4 big kobolds
  3 centaurs (D:6)
  Dowan (D:3)
  12 jellies
  8 blink frogs (Lair:1)
  A spiny frog skeleton (Lair:1)
  A howler monkey (D:4)
  13 killer bees (D:4)
  10 wights
  A llaibwca (D:4)
  A hound (D:5)
  Crazy Yiuf (D:4)
  5 worker ants
  2 iguanas (D:6)
  6 orc wizards
  A wyvern zombie (D:4)
  A water moccasin zombie (Lair:1)
  3 wyvern skeletons
  3 water moccasin skeletons
  5 giant cockroaches
  A boggart zombie (D:4)
  3 porcupine skeletons
  A blink frog skeleton (Lair:1)
  5 adders
  A gnoll (D:1)
  2 gwybwcod (D:4)
  74 sewer rats (D:2)
  8 cinder newts
  5 worms (D:2)
  5 bullfrogs
  2 oozes
  A dart slug (D:1)
  6 leopard geckos
  22 orcs
  2 adder skeletons (D:2)
  5 goblins (D:1)
  6 hobgoblins (D:1)
  4 jackals (D:2)
  25 kobolds
  3 quokkas (D:4)
  2 ball pythons (D:2)
  A ball python skeleton (D:2)
  9 bats
  A bat skeleton (D:2)
  2 quokka skeletons
  6 rats
  2 withered plants (D:2)
340 creatures vanquished.

Vanquished Creatures (collateral kills)
  Snorg (D:5)
  Josephine (D:6)
  5 wraiths (D:6)
  3 killer bees (D:4)
  An iguana (D:4)
11 creatures vanquished.

Vanquished Creatures (others)
  2 giant cockroaches (D:2)
  A leopard gecko (D:2)
  2 ball pythons
  3 bats
  A goblin (D:1)
  3 kobolds
  2 rats (D:1)
  2 giant blowflies (D:2)
  3 plants (D:2)
  4 slimeheads (D:2)
  92 withered plants (D:2)
115 creatures vanquished.

Grand Total: 466 creatures vanquished

Notes
Turn   | Place    | Note
-------+----------+-------------------------------------------
     0 | D:1      | gruber the Gargoyle Berserker began the quest for the Orb.
     0 | D:1      | Reached XP level 1. HP: 14/14 MP: 1/1
    31 | D:1      | Reached XP level 2. HP: 4/19 MP: 2/2
   178 | D:1      | Reached skill level 4 in Whips & Flails
   178 | D:1      | Reached XP level 3. HP: 21/23 MP: 3/3
   407 | D:1      | Reached XP level 4. HP: 27/28 MP: 4/4
   488 | D:1      | Received a gift from Trog
   586 | D:1      | Reached skill level 5 in Whips & Flails
   588 | D:1      | Reached ** piety under Trog
  1266 | D:2      | Reached XP level 5. HP: 32/33 MP: 5/5
  1331 | D:2      | Reached skill level 6 in Whips & Flails
  1336 | D:2      | Reached XP level 6. HP: 24/38 MP: 6/6
  1510 | D:2      | Reached skill level 7 in Whips & Flails
  1512 | D:2      | Reached *** piety under Trog
  1559 | D:2      | Reached XP level 7. HP: 38/43 MP: 7/7
  1596 | D:2      | Received a gift from Trog
  1901 | D:2      | Reached skill level 8 in Whips & Flails
  2092 | D:2      | Reached skill level 5 in Fighting
  2310 | D:2      | Reached XP level 8. HP: 49/49 MP: 8/8
  2599 | D:2      | Reached **** piety under Trog
  2819 | D:2      | Reached skill level 9 in Whips & Flails
  2873 | D:2      | Found a white marble altar of Elyvilon.
  3003 | D:2      | Received a gift from Trog
  3193 | D:2      | Found a faded altar of an unknown god.
  3480 | D:2      | Reached skill level 10 in Whips & Flails
  3480 | D:2      | Reached XP level 9. HP: 51/54 MP: 9/9
  4195 | D:3      | Found Ytiaxy's General Store.
  4385 | D:3      | Noticed Dowan
  4386 | D:3      | Noticed Duvessa
  4393 | D:3      | Killed Duvessa
  4397 | D:3      | Killed Dowan
  4755 | D:4      | Found a staircase to the Ecumenical Temple.
  4896 | D:4      | HP: 3/81 [killer bee (4)]
  4902 | D:4      | Reached skill level 11 in Whips & Flails
  4904 | D:4      | Received a gift from Trog
  5413 | D:4      | Reached skill level 12 in Whips & Flails
  5537 | D:4      | Reached ***** piety under Trog
  5545 | D:4      | Reached XP level 10. HP: 60/60 MP: 10/10
  5709 | D:4      | Found Hiladgho's Gadget Boutique.
  5840 | D:4      | Found a runed translucent door.
  5842 | D:4      | Noticed Crazy Yiuf
  5850 | D:4      | Killed Crazy Yiuf
  6298 | D:5      | Entered Level 5 of the Dungeon
  6365 | D:5      | Received a gift from Trog
  6385 | D:5      | Killed an unseen horror
  6431 | D:5      | Found Dezetot's Assorted Antiques.
  6504 | D:5      | Identified the cursed +1 leather armour of Mooblephi {rC+,
                  | (Curse: *Drain)}
  6557 | D:5      | Found Foiroz's Distillery.
  6567 | D:5      | Reached skill level 1 in Shields
  6597 | D:5      | Found Leygyahe's Luxury Loot.
  6612 | D:5      | Found a staircase to the Lair.
  6686 | D:5      | Found Sapoq's Gadget Boutique.
  7032 | D:5      | Identified the cursed +9 quarterstaff "Guepuk Xipn"
                  | {freeze, rElec rC+ Str-3 Dex+3 Stlth+, (Curse: MR-)}
  7088 | D:5      | Reached skill level 5 in Shields
  7135 | D:5      | Noticed Snorg
  7145 | D:5      | Killed Snorg
  7145 | D:5      | Reached XP level 11. HP: 71/71 MP: 11/11
  7233 | D:5      | Found Esikhlic's Antique Weapon Shop.
  7288 | D:6      | Noticed Maurice
  7304 | D:6      | Killed Maurice
  7391 | D:6      | Found a hazy altar of Hepliaklqana.
  7392 | D:6      | Found a sparkling altar of Nemelex Xobeh.
  7394 | D:6      | Found a shimmering altar of Xom.
  7400 | D:6      | Found a basalt altar of Yredelemnul.
  7405 | D:6      | Reached skill level 5 in Armour
  7407 | D:6      | Found a radiant altar of Vehumet.
  7409 | D:6      | Found an opulent altar of Gozag.
  7409 | D:6      | Found an ancient bone altar of Kikubaaqudgha.
  7410 | D:6      | Found an iron altar of Okawaru.
  7431 | D:6      | Found a staircase to the Orcish Mines.
  7469 | D:6      | Noticed Josephine
  7485 | D:6      | Killed Josephine
  7485 | D:6      | Received a gift from Trog
  7553 | D:6      | Noticed a two-headed ogre
  7566 | D:6      | Killed a two-headed ogre
  7695 | D:6      | Killed an unseen horror
  7788 | D:6      | Noticed a four-headed hydra
  7802 | D:6      | Killed a four-headed hydra
  8127 | D:6      | Reached skill level 5 in Dodging
  8264 | D:6      | Noticed a four-headed hydra
  8272 | D:6      | Killed a four-headed hydra
  8436 | Lair:1   | Entered Level 1 of the Lair of Beasts
  8454 | Lair:1   | Found an ancient bone altar of Kikubaaqudgha.
  8555 | Lair:1   | Reached XP level 12. HP: 76/76 MP: 12/12
  8631 | Lair:1   | Reached ****** piety under Trog
  8667 | Lair:1   | Identified the +6 staff "Xiojoid" {reaver, cold; rPois rC+}
  8702 | Lair:1   | Received a gift from Trog
  8763 | Lair:1   | Noticed a mummy priest
  8793 | Lair:1   | Reached skill level 10 in Fighting
  8867 | Lair:1   | Killed by a guardian mummy's death curse

Levels and vault maps discovered:
D:1:      dpeg_arrival_morbid_curiosity, layout_basic, portal_sewer_entry_a
D:2:      layout_sewer, elyvilon_niche, chequers_ecumenical_altar_lobes
D:3:      layout_loops_cross, serial_shops, shop, first_ration, uniq_duvessa
D:4:      layout_irregular_city, minmay_temple_entry_mist, serial_shops,
          kennysheep_mini_moat, david_nohive_1, uniq_crazy_yiuf_cottage
D:5:      layout_long_grid, lair_entry_dummy, serial_shops, kennysheep_mini,
          shop, nicolae_shop_statue_plus, shop, nicolae_alphabet_shops,
          uniq_snorg
D:6:      layout_stronghold, grunt_temple_overflow_open, orc_0_dummy,
          uniq_josephine, uniq_maurice
Lair:1:   layout_chaotic_city, nicolae_ossuary_entry_false_entrances,
          basic_altar

Skill      XL: |  1  2  3  4  5  6  7  8  9 10 11 12 |
---------------+-------------------------------------+-----
Whips & Flails | 4 5 6 7 8 10 12 | 12.1
Fighting       | 4 5 6 9 10 | 10.1
Armour         | 3 4 8 |  8.3
Dodging        | 3 6 7 |  7.1
Shields        | 6 7 |  7.5

Action                   |  1- 3 |  4- 6 |  7- 9 | 10-12 || total
-------------------------+-------+-------+-------+-------++-------
Melee: Whip              |    49 |   110 |   443 |    91 ||   693
       Unarmed           |    31 |    68 |   342 |    70 ||   511
       Flail             |       |       |       |   155 ||   155
       Demon whip        |       |       |       |   261 ||   261
Invok: Berserk           |     2 |     3 |    10 |     7 ||    22
       Trog's Hand       |       |       |     2 |     1 ||     3
       Brothers in Arms  |       |       |     1 |     2 ||     3
  Use: Potion            |       |       |     1 |     3 ||     4
 Stab: Distracted        |     1 |       |       |       ||     1
  Eat: Chunk             |       |     3 |    15 |    19 ||    37
       Ration            |       |     1 |     2 |       ||     3
Armor: Animal skin       |    20 |    19 |    79 |     8 ||   126
       Ring mail         |       |       |       |    39 ||    39
       Troll leather     |       |       |       |   125 ||   125
Dodge: Dodged            |    18 |    47 |   232 |   174 ||   471
Block: Buckler           |       |       |       |    41 ||    41
